 Dungeon Crawl Stone Soup version 0.31.0-12-g77e489cdc1 (webtiles) character file.

Game seed: 12876189710575904478

534 Balder the Chopper (level 7, -10/60 HPs)
             Began as a Hill Orc Fighter on Feb 19, 2024.
             Mangled by an ogre
             ... wielding a +0 giant club
              (18 damage)
             ... on level 5 of the Dungeon.
             The game lasted 00:16:23 (4402 turns).

Balder the Chopper (Hill Orc Fighter)               Turns: 4402, Time: 00:16:24

Health: -10/60     AC: 14    Str: 19    XL:     7   Next: 25%
Magic:  7/7        EV:  8    Int:  8    God:
Gold:   230        SH:  5    Dex: 12    Spells: 6/6 levels left

rFire   . . .        a - +0 war axe
rCold   . . .        c - +0 buckler
rNeg    . . .        l - +0 chain mail
rPois   .            p - +0 helmet
rElec   .            (no cloak)
rCorr   .            (no gloves)
SInv    .            (no boots)
Will    .....        (no amulet) Stlth
                     y - +4 ring of protection
HPRegen 0.30/turn    (no ring)
MPRegen 0.10/turn

%: no passive effects
@: mighty
A: no striking features
a: no special abilities


You were on level 5 of the Dungeon.
You visited 1 branch of the dungeon, and saw 5 of its levels.

You collected 230 gold pieces.

Inventory:

Hand Weapons
 a - a +0 war axe (weapon)
 b - a +0 dagger of venom
 o - a +1 dagger of electrocution
 v - a +2 long sword of freezing
Missiles
 q - 9 boomerangs (quivered)
 t - a throwing net
Armour
 c - a +0 buckler (worn)
 l - a +0 chain mail (worn)
 p - a +0 helmet (worn)
Jewellery
 s - an amulet of magic regeneration
 u - a ring of magical power
 y - a +4 ring of protection (left hand)
Wands
 w - a wand of paralysis (10)
 z - a wand of roots (6)
Scrolls
 g - 2 scrolls of noise {unknown}
 k - a scroll of immolation {unknown}
 n - a scroll of torment {unknown}
 r - 2 scrolls of fog {unknown}
Potions
 e - 4 potions of enlightenment
 f - a potion of heal wounds {unknown}
 h - a potion of lignification
 i - 3 potions of mutation {unknown}
 j - a potion of degeneration {unknown}


   Skills:
 * Level 4.9 Fighting
 * Level 0.4 Short Blades
 * Level 6.2 Axes
 * Level 1.2 Throwing
 * Level 4.6 Armour
 * Level 1.7 Dodging
 * Level 1.6 Stealth
 * Level 4.1 Shields
 + Level 0.1 Evocations


You had 6 spell levels left.
You didn't know any spells.
Your spell library contained the following spells:

 Spells                   Type           Power      Damage    Failure   Level
 Magic Dart               Conj           0%         1d3       99%         1
 Summon Small Mammal      Summ           0%         N/A       99%         1
 Blink                    Tloc           0%         N/A       100%        2
 Lesser Beckoning         Tloc           0%         N/A       100%        2
 Mercury Vapours          Alch/Air       0%         N/A       100%        2
 Momentum Strike          Conj/Tloc      0%         3d8       100%        2
 Searing Ray              Conj           0%         2d4       100%        2
 Sublimation of Blood     Necr           0%         N/A       100%        2
 Call Canine Familiar     Summ           0%         N/A       100%        3
 Mephitic Cloud           Conj/Alch/Air  0%         N/A       100%        3
 Tukima's Dance           Hex            0%         N/A       100%        3
 Dimensional Bullseye     Hex/Tloc       0%         N/A       100%        4
 Fulminant Prism          Conj/Alch      0%         3d5       100%        4
 Iskenderun's Mystic Bla  Conj/Tloc      0%         2d3       100%        4
 Petrify                  Alch/Erth      0%         N/A       100%        4
 Summon Blazeheart Golem  Fire/Summ      0%         N/A       100%        4
 Freezing Cloud           Conj/Ice/Air   0%         6-21      100%        5
 Irradiate                Conj/Alch      0%         3d11      100%        5


Dungeon Overview and Level Annotations

Branches:
Dungeon (5/15)
 Temple: D:4-7

Altars:
Dithmenos
Hepliaklqana
Zin


Message History

You completely miss the orc. The orc completely misses you.
The orc closely misses you. x2
Your +0 dagger of venom stops dripping with poison.
a - a +0 war axe (weapon)
The orc hits you but does no damage.
You slash the orc!
You kill the orc!
You hit the orc. The orc hits you but does no damage.
You slash the orc!
You kill the orc!
An ogre and a gnoll come into view.
The gnoll is wielding a +0 flail and quivering 2 throwing nets.
The ogre shouts!
The gnoll shouts!
You hear a shout!
The gnoll throws a throwing net.
The throwing net hits you.
You become entangled in the net!
A gnoll comes into view. It is wielding a +0 whip.
You see here a throwing net.
You struggle against the net.
The gnoll shouts!
You struggle against the net.
You struggle against the net.
You rip the net and break free!
A gnoll comes into view. It is wielding a +0 flail.
You see here a +0 club.
There is an open door here.
The ogre attacks as it pursues you! The ogre closely misses you.
You feel very mighty all of a sudden. The ogre hits you with a +0 giant club!
* * * LOW HITPOINT WARNING * * *
You completely miss the ogre. You slash the ogre!
The ogre is heavily wounded.
The ogre barely misses you.
You hit the ogre.
The ogre is severely wounded.
The ogre barely misses you.
You hit the ogre.
The ogre is almost dead.
The ogre hits you with a +0 giant club!!
You die...

#......#..# .......#
#......#..# ......#
#.....B#..# .....#
###...o..'..######[...#
.......S.#.......#....#
....B....#.......#....#
...#######.......#.)..#
...'.............#gg..#
...#............@Og...#
####....##..##...#....#
...)##..######....#
......... #....#
....##... #...$#
:...##... #....#
....#### #....# #....#


You could see an ogre and 3 gnolls.

Vanquished Creatures
  Menkaure (D:4)
  A hound (D:3)
  3 orc priests (D:5)
  4 iguanas
  An orc wizard (D:5)
  A mummy (D:4)
  Robin (D:2)
  A gnoll (D:1)
  4 adders
  A white imp (D:4)
  2 dart slugs
  7 orcs
  10 endoplasms
  2 giant cockroaches
  12 goblins
  6 hobgoblins
  4 quokkas
  6 ball pythons
  5 bats
  4 frilled lizards
  2 hobgoblin zombies (D:4)
  6 kobolds
  A kobold zombie (D:4)
  An orc zombie (D:4)
  9 rats
  A spectral hobgoblin (D:3)
96 creatures vanquished.

Vanquished Creatures (collateral kills)
  A giant cockroach (D:3)
  A kobold (D:2)
2 creatures vanquished.

Grand Total: 98 creatures vanquished

Notes
Turn   | Place    | Note
-------+----------+-------------------------------------------
     0 | D:1      | Balder the Hill Orc Fighter began the quest for the Orb.
     0 | D:1      | Reached XP level 1. HP: 19/19 MP: 1/1
    64 | D:1      | Reached XP level 2. HP: 27/27 MP: 2/2
   643 | D:1      | Reached skill level 3 in Axes
   643 | D:1      | Reached XP level 3. HP: 31/33 MP: 3/3
  1049 | D:2      | Noticed Robin
  1065 | D:2      | Killed Robin
  1068 | D:2      | Reached XP level 4. HP: 7/40 MP: 4/4
  2267 | D:3      | Found a hazy altar of Hepliaklqana.
  2282 | D:3      | Found a faded altar of an unknown god.
  2430 | D:3      | Reached skill level 4 in Axes
  2430 | D:3      | Reached XP level 5. HP: 34/47 MP: 5/5
  2443 | D:3      | Reached skill level 1 in Stealth
  2551 | D:3      | Found a shadowy altar of Dithmenos.
  2868 | D:3      | Found a glowing silver altar of Zin.
  3420 | D:4      | Reached skill level 5 in Axes
  3420 | D:4      | Reached XP level 6. HP: 51/53 MP: 6/6
  3525 | D:4      | Noticed Menkaure
  3538 | D:4      | Killed Menkaure
  3539 | D:4      | Reached skill level 1 in Throwing
  3539 | D:4      | Reached skill level 1 in Dodging
  4317 | D:5      | Entered Level 5 of the Dungeon
  4326 | D:5      | Reached skill level 6 in Axes
  4326 | D:5      | Reached XP level 7. HP: 53/60 MP: 7/7
  4402 | D:5      | Mangled by an ogre

Illustrated notes

Levels and vault maps discovered:
D:1:      minmay_arrival_checkered_box, layout_basic
D:2:      layout_loops_ring, serial_bayou_pond_a, chequers_garden, uniq_robin
D:3:      layout_rooms, nzn_hepliaklqana_mist_gate, zin_statuary,
          mainiacjoe_overflow_boulevard, serial_co_window_serial,
          co_window_paths_b, co_window_of_opportunity_a, co_window_corner_a,
          co_window_corner_a, co_window_cross_1, co_window_paths_c,
          co_window_corner_b, co_window_2corner, co_window_corner_ca,
          co_window_2corner, co_window_4corner_b, glass_columns_c,
          glass_columns_b, glass_columns_a, glass_columns_a,
          dreamdust_ecumenical_altar_drowned_temple
D:4:      minmay_recursive_quarters, layout_loops_cross, minmay_mini_ossuary,
          uniq_menkaure
D:5:      layout_gridville, minitemple

Skill      XL: |  1  2  3  4  5  6 |
---------------+-------------------+-----
Fighting       | 4 |  4.9
Axes           | 3 4 5 6 |  6.2
Armour         | 4 |  4.6
Stealth        | 1 |  1.6
Throwing       | 1 |  1.2
Dodging        | 1 |  1.7
Shields        | 4 |  4.1
Short Blades   | |  0.4
Evocations     | |  0.1

Action                     |  1- 3 |  4- 6 |  7- 9 || total
---------------------------+-------+-------+-------++-------
  Melee: War axe           |    85 |   145 |     6 ||   236
         Dagger            |       |     9 |    19 ||    28
  Throw: Boomerang         |       |    16 |     1 ||    17
  Evoke: Wand              |       |     1 |       ||     1
    Use: Scroll            |       |     9 |     1 ||    10
         Potion            |       |     2 |     2 ||     4
   Stab: Paralysed         |       |     2 |       ||     2
 Armour: Scale mail        |    27 |       |       ||    27
         Chain mail        |    51 |   124 |    21 ||   196
  Dodge: Dodged            |    24 |    72 |    16 ||   112
  Block: Buckler           |    14 |    32 |     5 ||    51
